3L
AUSTIN RANGERS @ BROOKLYN DODGERS
08/18/2024
 
TOP OF THE 1ST
Austin Rangers batting - Pitching for Brooklyn Dodgers : RHP Scott Woodger
Pitching: RHP Scott Woodger
Batting: RHB José Muñóz 0-0: Ball
1-0: Ball
2-0: Ball
3-0: Called Strike
3-1: Fly out, F4 (Popup, 4MD)
Batting: RHB Tony Hernández 0-0: Ball
1-0: Foul Ball, location: 2F
1-1: Swinging Strike
1-2: Ball
2-2: Fly out, F6 (Line Drive, 6)
Batting: SHB Carlos Kramer 0-0: Ground out U3 (Groundball, 3L)
Top of the 1st over - 0 run(s), 0 hit(s), 0 error(s), 0 left on base; Austin 0 - Brooklyn 0
BOTTOM OF THE 1ST
Brooklyn Dodgers batting - Pitching for Austin Rangers : RHP Art Adams
Pitching: RHP Art Adams
Batting: LHB Ron Bascombe 0-0: SINGLE (Line Drive, 4M)
Batting: RHB Thom Wilcox 0-0: Foul Ball, location: 2F
0-1: Called Strike
0-2: Strikes out swinging
Batting: SHB Leonard O'Connor 0-0: Called Strike
0-1: Ball
1-1: Foul Ball, location: 2F
1-2: Ball
2-2: Foul Ball, location: 2F
2-2: Foul Ball, location: 2F
2-2: Ball
Ron Bascombe is caught stealing 2nd base
3-2: Fly out, F7 (Flyball, 7M)
Bottom of the 1st over - 0 run(s), 1 hit(s), 0 error(s), 0 left on base; Austin 0 - Brooklyn 0
TOP OF THE 2ND
Austin Rangers batting - Pitching for Brooklyn Dodgers : RHP Scott Woodger
Batting: LHB Yun Yen 0-0: Foul Ball, location: 2F
0-1: Ball
1-1: Ground out 4-3 (Groundball, 4M)
Batting: RHB Jeff Green 0-0: Ball
1-0: Ground out 1-3 (Groundball, 13)
Batting: LHB Gonzalo López 0-0: Swinging Strike
0-1: Ball
1-1: Ball
2-1: DOUBLE (Line Drive, 7LD)
Batting: LHB Motoshige Kitamura 0-0: Called Strike
0-1: Swinging Strike
0-2: Ball
1-2: Strikes out looking
Top of the 2nd over - 0 run(s), 1 hit(s), 0 error(s), 1 left on base; Austin 0 - Brooklyn 0
BOTTOM OF THE 2ND
Brooklyn Dodgers batting - Pitching for Austin Rangers : RHP Art Adams
Batting: RHB Chris Teague 0-0: SINGLE (Groundball, 6MD)
Batting: LHB Avon Barksdale 0-0: Ball
1-0: Ball
2-0: Swinging Strike
2-1: Fly out, F6 (Popup, 6D)
Batting: RHB Gustavo Mateo 0-0: Grounds into double play, 1-6-3 (Groundball, 23)
Bottom of the 2nd over - 0 run(s), 1 hit(s), 0 error(s), 0 left on base; Austin 0 - Brooklyn 0
TOP OF THE 3RD
Austin Rangers batting - Pitching for Brooklyn Dodgers : RHP Scott Woodger
Batting: SHB Xavier Vásquez 0-0: Ball
1-0: Foul Ball, location: 2F
1-1: Foul Ball, location: 2F
1-2: Ground out 4-3 (Groundball, 4)
Batting: RHB Joaquín Parra 0-0: Fly out, F9 (Flyball, 9M)
Batting: RHB José Muñóz 0-0: Swinging Strike
0-1: Ball
1-1: Called Strike
1-2: Strikes out swinging
Top of the 3rd over - 0 run(s), 0 hit(s), 0 error(s), 0 left on base; Austin 0 - Brooklyn 0
BOTTOM OF THE 3RD
Brooklyn Dodgers batting - Pitching for Austin Rangers : RHP Art Adams
Batting: RHB Josh Stafford 0-0: Ball
1-0: Called Strike
1-1: Ball
2-1: Ball
3-1: Base on Balls
Batting: RHB Tony Justice 0-0: Ball
Josh Stafford is caught stealing 2nd base
1-0: Swinging Strike
1-1: Ground out 5-3 (Groundball, 5S)
Batting: RHB Vincent Crane 0-0: Ball
1-0: Ball
2-0: Fly out, F4 (Popup, 34)
Bottom of the 3rd over - 0 run(s), 0 hit(s), 0 error(s), 0 left on base; Austin 0 - Brooklyn 0
TOP OF THE 4TH
Austin Rangers batting - Pitching for Brooklyn Dodgers : RHP Scott Woodger
Batting: RHB Tony Hernández 0-0: Ball
1-0: Ground out 4-3 (Groundball, 4)
Batting: SHB Carlos Kramer 0-0: Ball
1-0: Ground out U3 (Groundball, 3)
Batting: LHB Yun Yen 0-0: Ball
1-0: SINGLE (Line Drive, 34)
Batting: RHB Jeff Green 0-0: Ball
1-0: Swinging Strike
1-1: SINGLE (Groundball, 6MD)
Yun Yen to second
Batting: LHB Gonzalo López 0-0: Called Strike
0-1: Called Strike
0-2: Strikes out swinging
Top of the 4th over - 0 run(s), 2 hit(s), 0 error(s), 2 left on base; Austin 0 - Brooklyn 0
BOTTOM OF THE 4TH
Brooklyn Dodgers batting - Pitching for Austin Rangers : RHP Art Adams
Batting: LHB Ron Bascombe 0-0: Foul Ball, location: 2F
0-1: Ball
1-1: Swinging Strike
1-2: Strikes out swinging
Batting: RHB Thom Wilcox 0-0: Called Strike
0-1: Ground out 5-3 (Groundball, 5)
Batting: SHB Leonard O'Connor 0-0: Called Strike
0-1: Called Strike
0-2: Ball
1-2: Ball
2-2: Ball
3-2: Base on Balls
Batting: RHB Chris Teague 0-0: Fly out, F8 (Flyball, 8LD)
Bottom of the 4th over - 0 run(s), 0 hit(s), 0 error(s), 1 left on base; Austin 0 - Brooklyn 0
TOP OF THE 5TH
Austin Rangers batting - Pitching for Brooklyn Dodgers : RHP Scott Woodger
Batting: LHB Motoshige Kitamura 0-0: Ball
1-0: Ball
2-0: Ball
3-0: Called Strike
3-1: SINGLE (Line Drive, 89M)
Batting: SHB Xavier Vásquez 0-0: Called Strike
Motoshige Kitamura is caught stealing 2nd base
0-1: Fly out, F4 (Popup, 4D)
Batting: RHB Joaquín Parra 0-0: Called Strike
0-1: Ball
1-1: Ground out 6-3 (Groundball, 6)
Top of the 5th over - 0 run(s), 1 hit(s), 0 error(s), 0 left on base; Austin 0 - Brooklyn 0
BOTTOM OF THE 5TH
Brooklyn Dodgers batting - Pitching for Austin Rangers : RHP Art Adams
Batting: LHB Avon Barksdale 0-0: Called Strike
0-1: Foul Ball, location: 2F
0-2: Ball
1-2: Foul Ball, location: 2F
1-2: Foul Ball, location: 2F
1-2: Ground out 4-3 (Groundball, 4)
Batting: RHB Gustavo Mateo 0-0: Fly out, F5 (Line Drive, 56)
Batting: RHB Josh Stafford 0-0: Foul Ball, location: 2F
0-1: Ball
1-1: Ground out 6-3 (Groundball, 6)
Bottom of the 5th over - 0 run(s), 0 hit(s), 0 error(s), 0 left on base; Austin 0 - Brooklyn 0
TOP OF THE 6TH
Austin Rangers batting - Pitching for Brooklyn Dodgers : RHP Scott Woodger
Batting: RHB José Muñóz 0-0: Ball
1-0: Ball
2-0: Ball
3-0: Base on Balls
Batting: RHB Tony Hernández 0-0: Sac Bunt - play at first, batter OUT! 2-4
José Muñóz to second
Batting: SHB Carlos Kramer 0-0: Called Strike
0-1: Foul Ball, location: 2F
0-2: Strikes out swinging
Batting: LHB Yun Yen 0-0: Called Strike
0-1: Ball
1-1: Ball
2-1: Ball
3-1: Called Strike
3-2: Base on Balls
Batting: RHB Jeff Green 0-0: Ball
1-0: Foul Ball, location: 2F
1-1: SINGLE (Line Drive, 6M)
José Muñóz to third
Yun Yen to second
Runner from 3rd tries for Home, SAFE, no throw or cutoff
Batting: LHB Gonzalo López 0-0: Fly out, F8 (Line Drive, 8RM)
Top of the 6th over - 1 run(s), 1 hit(s), 0 error(s), 2 left on base; Austin 1 - Brooklyn 0
BOTTOM OF THE 6TH
Brooklyn Dodgers batting - Pitching for Austin Rangers : RHP Art Adams
Batting: RHB Tony Justice 0-0: Called Strike
0-1: Ground out 6-3 (Groundball, 6M)
Batting: RHB Vincent Crane 0-0: Fly out, F8 (Flyball, 89M)
Batting: LHB Ron Bascombe 0-0: Ball
1-0: Swinging Strike
1-1: Foul Ball, location: 2F
1-2: SINGLE (Groundball, 4MD)
Batting: RHB Thom Wilcox 0-0: Called Strike
0-1: Ball
1-1: Ball
2-1: DOUBLE (Line Drive, 5D)
Ron Bascombe to third
Batting: SHB Leonard O'Connor 0-0: Ball
1-0: SINGLE (Groundball, 4M)
Ron Bascombe scores
Thom Wilcox to third
Runner from 3rd tries for Home, SAFE, no throw or cutoff
Batting: RHB Chris Teague 0-0: Ball
1-0: Foul Ball, location: 2F
1-1: Fly out, F9 (Flyball, 9LM)
Bottom of the 6th over - 2 run(s), 3 hit(s), 0 error(s), 1 left on base; Austin 1 - Brooklyn 2
TOP OF THE 7TH
Austin Rangers batting - Pitching for Brooklyn Dodgers : RHP Scott Woodger
Batting: LHB Motoshige Kitamura 0-0: Ground out 4-3 (Groundball, 4)
Batting: SHB Xavier Vásquez 0-0: SINGLE (Groundball, 4M) (infield hit)
Batting: RHB Joaquín Parra 0-0: Foul Ball, location: 2F
0-1: Ball
1-1: Called Strike
1-2: Ground out 5-3 (Groundball, 56)
Xavier Vásquez to second
Batting: RHB José Muñóz 0-0: Called Strike
0-1: Foul Ball, location: 2F
0-2: SINGLE (Groundball, 6)
Xavier Vásquez to third
Runner from 3rd tries for Home, SAFE, no throw or cutoff
Batting: RHB Tony Hernández 0-0: Fielders Choice at 2nd, U4 (Groundball, 4M)
Top of the 7th over - 1 run(s), 2 hit(s), 0 error(s), 1 left on base; Austin 2 - Brooklyn 2
BOTTOM OF THE 7TH
Brooklyn Dodgers batting - Pitching for Austin Rangers : RHP Art Adams
Batting: LHB Avon Barksdale 0-0: Called Strike
0-1: Ball
1-1: SINGLE (Groundball, 4MD)
Batting: RHB Gustavo Mateo 0-0: Ball
1-0: Sac Bunt - play at second, runner OUT! 1-6
Pinch Hitting: SHB Juan Rivas 0-0: Ball
1-0: Swinging Strike
1-1: Foul Ball, location: 2F
1-2: Strikes out swinging
Batting: RHB Tony Justice 0-0: Foul Ball, location: 2F
0-1: Called Strike
0-2: Ball
1-2: Ball
2-2: SINGLE (Line Drive, 7LS)
Gustavo Mateo to second
Batting: RHB Vincent Crane 0-0: Called Strike
0-1: Fly out, F8 (Flyball, 8RM)
Bottom of the 7th over - 0 run(s), 2 hit(s), 0 error(s), 2 left on base; Austin 2 - Brooklyn 2
TOP OF THE 8TH
Austin Rangers batting - Pitching for Brooklyn Dodgers : RHP Scott Woodger
Now in LF: Juan Rivas
Batting: SHB Carlos Kramer 0-0: Called Strike
0-1: Ball
1-1: Ball
2-1: Swinging Strike
2-2: Foul Ball, location: 2F
2-2: Ball
3-2: Base on Balls
Batting: LHB Yun Yen 0-0: SINGLE (Groundball, 3D)
Carlos Kramer to second
Runner from 2nd tries for 3rd, SAFE, throw made to third
Batting: RHB Jeff Green 0-0: Ball
1-0: Foul Ball, location: 2F
1-1: Fly out, F8 (Line Drive, 8LXD)
Runner from 3rd tags up, SCORES, no throw
Batting: LHB Gonzalo López 0-0: Ball
1-0: Ball
2-0: Fly out, F7 (Flyball, 7S)
Pitching: RHP Powell Horne
Batting: LHB Motoshige Kitamura 0-0: Ball
1-0: Ball
2-0: Ball
3-0: Base on Balls
Yun Yen to second
Pinch Runner at 2nd Alex Maxwell:
Batting: SHB Xavier Vásquez 0-0: Foul Ball, location: 2F
0-1: SINGLE (Line Drive, 89S)
Alex Maxwell to third
Motoshige Kitamura to second
Runner from 3rd tries for Home, SAFE, no throw or cutoff
Batting: RHB Joaquín Parra 0-0: Ball
1-0: Ball
2-0: Ball
3-0: Called Strike
3-1: Base on Balls
Motoshige Kitamura to third
Xavier Vásquez to second
Batting: RHB José Muñóz 0-0: Fly out, F8 (Flyball, 8LXD)
Top of the 8th over - 2 run(s), 2 hit(s), 0 error(s), 3 left on base; Austin 4 - Brooklyn 2
BOTTOM OF THE 8TH
Brooklyn Dodgers batting - Pitching for Austin Rangers : RHP Art Adams
Now at 1B: António Rivera
Now in CF: Vern Forrest
Batting: LHB Ron Bascombe 0-0: Ball
1-0: Called Strike
1-1: DOUBLE (Flyball, 8LXD)
Batting: RHB Thom Wilcox 0-0: Called Strike
0-1: SINGLE (Line Drive, 7LS)
Ron Bascombe to third
Batting: SHB Leonard O'Connor 0-0: Called Strike
0-1: Ball
1-1: Foul Ball, location: 2F
1-2: Foul Ball, location: 2F
1-2: Foul Ball, location: 2F
1-2: Ball
2-2: Ball
3-2: SINGLE (Groundball, 4M)
Ron Bascombe scores
Thom Wilcox to second
Batting: RHB Chris Teague 0-0: Grounds into double play, 5-4-3 (Groundball, 5)
Thom Wilcox to third
Batting: LHB Avon Barksdale 0-0: Called Strike
0-1: Foul Ball, location: 2F
0-2: Strikes out swinging
Bottom of the 8th over - 1 run(s), 3 hit(s), 0 error(s), 1 left on base; Austin 4 - Brooklyn 3
TOP OF THE 9TH
Austin Rangers batting - Pitching for Brooklyn Dodgers : RHP Powell Horne
Batting: RHB Tony Hernández 0-0: Called Strike
0-1: Ball
1-1: Ball
2-1: Ball
3-1: Base on Balls
Batting: SHB Carlos Kramer 0-0: Ball
1-0: Called Strike
1-1: Foul Ball, location: 2F
1-2: Ball
2-2: Ball
3-2: Foul Ball, location: 2F
3-2: Foul Ball, location: 2F
3-2: Fly out, F8 (Flyball, 8LXD)
Runner from 1st tags up, SAFE at 2nd
Batting: LHB António Rivera 0-0: Ball
1-0: Fly out, F6 (Popup, 5D)
Batting: RHB Jeff Green 0-0: Called Strike
0-1: SINGLE (Flyball, 89S)
Tony Hernández to third
Runner from 3rd tries for Home, SAFE, no throw or cutoff
Batting: LHB Gonzalo López 0-0: Ball
1-0: Ball
2-0: Ball
3-0: Base on Balls
Jeff Green to second
Pitching: RHP Folkert van Huizen
Batting: LHB Vern Forrest 0-0: Fly out, F6 (Popup, 6MD)
Top of the 9th over - 1 run(s), 1 hit(s), 0 error(s), 2 left on base; Austin 5 - Brooklyn 3
BOTTOM OF THE 9TH
Brooklyn Dodgers batting - Pitching for Austin Rangers : RHP Art Adams
Batting: RHB Gustavo Mateo 0-0: Called Strike
0-1: Ball
1-1: Foul Ball, location: 2F
1-2: Ground out 5-3 (Groundball, 5L)
Batting: SHB Juan Rivas 0-0: Ball
1-0: Foul Ball, location: 2F
1-1: Foul Ball, location: 2F
1-2: Strikes out swinging
Batting: RHB Tony Justice 0-0: Fly out, F6 (Popup, 56D)
Bottom of the 9th over - 0 run(s), 0 hit(s), 0 error(s), 0 left on base; Austin 5 - Brooklyn 3
This league is powered by Out of the Park Baseball, the baseball management simulation game for PC, Mac and Linux
Monday, October 3rd, 2016 - OOTP Baseball 16.9 Build 39